 Dungeon Crawl Stone Soup version 0.21.0 (webtiles) character file.

126 komo4ek the Caller (level 5, 0/30 HPs)
             Began as a Tengu Summoner on Jan 7, 2018.
             Slain by an ogre
             ... wielding a +0 giant club
              (30 damage)
             ... on level 4 of the Dungeon.
             The game lasted 00:10:48 (2803 turns).

komo4ek the Caller (Tengu Summoner)                 Turns: 2803, Time: 00:10:48

Health: 0/30       AC:  2    Str:  9    XL:     5   Next: 10%
Magic:  0/11       EV: 12    Int: 16    God:
Gold:   238        SH:  0    Dex: 14    Spells: 7/11 levels left

rFire    + . .     SeeInvis .   d - +0 spear
rCold    . . .     Gourm    .   (no shield)
rNeg     . . .     Faith    .   a - +0 robe
rPois    .         Spirit   .   (helmet restricted)
rElec    .         Reflect  .   (no cloak)
rCorr    .         Harm     .   (no gloves)
MR       .....                  (boots unavailable)
Stlth    ++........             (no amulet)
HPRegen  0.10/turn              l - ring of protection from fire
MPRegen  0.12/turn              (no ring)

@: very slightly contaminated
A: beak, talons 3, able to fly 1
a: Fly


You were on level 4 of the Dungeon.
You were not hungry.

You visited 1 branch of the dungeon, and saw 4 of its levels.

You collected 238 gold pieces.

Inventory:

Hand Weapons
 d - a +0 spear (weapon)
Armour
 a - a +0 robe (worn)
 f - a +0 pair of gloves
Jewellery
 l - a ring of protection from fire (left hand)
 q - an uncursed ring of ice {unknown}
Wands
 m - a wand of iceblast (4)
Scrolls
 e - 6 scrolls of remove curse {unknown}
 g - 7 scrolls of teleportation {unknown}
 h - a scroll of identify {unknown}
 k - 2 scrolls of amnesia {unknown}
 o - a scroll of enchant weapon {unknown}
 p - a scroll of fog {unknown}
 u - a scroll of enchant armour {unknown}
 w - 2 scrolls of magic mapping {unknown}
Potions
 i - 2 potions of mutation {unknown}
 j - a potion of brilliance {unknown}
 n - a potion of degeneration {unknown}
 r - a potion of resistance {unknown}
 s - 2 potions of curing {unknown}
 t - 3 potions of haste {unknown}
 v - a potion of might {unknown}
Books
 b - a book of Callings

   Spells                             Type                      Level
   a - Summon Small Mammal            Summoning                    1
   b - Call Imp                       Summoning                    2
   c - Call Canine Familiar           Summoning                    3
   d - Summon Guardian Golem          Hexes/Summoning              3
   e - Summon Lightning Spire         Summoning/Air                4
   f - Summon Ice Beast               Ice/Summoning                4
Comestibles
 c - 8 rations


   Skills:
 + Level 2.0 Fighting
 - Level 2.1 Dodging
 - Level 2.0 Stealth
 * Level 3.6 Spellcasting
 + Level 5.6 Summonings


You had 7 spell levels left.
You knew the following spells:

 Your Spells              Type           Power        Failure   Level  Hunger
a - Summon Small Mammal   Summ           ###.         1%          1    None
b - Call Canine Familiar  Summ           ###.....     5%          3    ###....


Dungeon Overview and Level Annotations

Branches:
Dungeon (4/15)
 Temple: D:4-7

Altars:
Hepliaklqana
Makhleb
Ru

Shops:
D:4 *


Innate Abilities, Weirdness & Mutations

You have a beak for a mouth.
You have claws for feet.
You can fly.


Message History

You hit the ogre.
The ogre is moderately wounded.
Your hound bites the ogre.
The ogre hits your hound with a giant club!!
Your hound dies!
Your hound's corpse disappears in a puff of smoke!
Casting: Call Canine Familiar
Confirm with . or Enter, or press ? or * to list all spells.
You miscast Call Canine Familiar.
You are very lightly contaminated with residual magic.
Your brain hurts!
Casting: Call Canine Familiar
Confirm with . or Enter, or press ? or * to list all spells.
You miscast Call Canine Familiar.
You feel a strange surge of energy! The ogre completely misses you.
Casting: Call Canine Familiar
Confirm with . or Enter, or press ? or * to list all spells.
The ogre hits you with a giant club!!
Ouch! That really hurt!
You die...

#.# .# #. #.# .# #.
#.# .# #. #.# .# #.
#.# ###.# ###÷ #.#
#...# #... #.# #.###
#.## #.# #O# #.# #.#
#@# #.# #.# #.### #.#
#># #h..###########.#
##.#
####............##.##
#..#
#.......#######......
#.###########.≈...≈.#
####.##
#...................#
#.#
#.###########...∩...#
#.# #.# #.......#
#.##


You could see an ogre and a friendly hound.

Vanquished Creatures
  A bullfrog skeleton (D:4)
  An iguana (D:4)
  3 adders (D:2)
  A leopard gecko (D:1)
  A ball python (D:3)
  3 giant cockroaches
  2 goblins (D:1)
  3 hobgoblins
  4 kobolds
  A quokka (D:3)
  9 bats
  A frilled lizard (D:4)
  5 rats
35 creatures vanquished.

Vanquished Creatures (collateral kills)
  Jessica (D:3)
  A gnoll (D:1)
  An adder (D:3)
  An ooze (D:2)
  2 leopard geckos
  2 goblins
  3 hobgoblins
  4 jackals (D:4)
  A ball python (D:3)
  A bat (D:1)
  A frilled lizard (D:2)
18 creatures vanquished.

Grand Total: 53 creatures vanquished

Notes
Turn   | Place    | Note
-------+----------+-------------------------------------------
     0 | D:1      | komo4ek the Tengu Summoner began the quest for the Orb.
     0 | D:1      | Reached XP level 1. HP: 10/10 MP: 4/4
   119 | D:1      | Reached XP level 2. HP: 7/16 MP: 3/6
   140 | D:1      | Reached skill level 5 in Summonings
   998 | D:1      | Reached skill level 1 in Fighting
  1028 | D:2      | Reached XP level 3. HP: 20/20 MP: 3/7
  1627 | D:2      | Found a hazy altar of Hepliaklqana.
  1635 | D:2      | Reached XP level 4. HP: 17/25 MP: 9/9
  1855 | D:3      | Learned a level 3 spell: Call Canine Familiar
  1905 | D:3      | Noticed Jessica
  1919 | D:3      | Killed Jessica
  1961 | D:3      | Found a faded altar of an unknown god.
  2253 | D:4      | Found a burning altar of Makhleb.
  2253 | D:4      | Found a sacrificial altar of Ru.
  2336 | D:4      | Found Cik Hug's Elemental Accessories.
  2472 | D:4      | Gained mutation: You can fly. [Tengu growth]
  2472 | D:4      | Reached XP level 5. HP: 30/30 MP: 11/11
  2791 | D:4      | Noticed an ogre
  2803 | D:4      | Slain by an ogre

Skill      XL: |  1  2  3  4 |
---------------+-------------+-----
Summonings     | 5 |  5.6
Fighting       | 1 2 |  2.0
Spellcasting   | 3 |  3.6
Dodging        | |  2.1
Stealth        | |  2.0

Action                   |  1- 3 |  4- 6 || total
-------------------------+-------+-------++-------
Melee: Spear             |    72 |    39 ||   111
       Kick              |     9 |     7 ||    16
       Peck              |     5 |     6 ||    11
 Cast: Summon Small Mamm |    30 |     2 ||    32
       Call Canine Famil |       |     7 ||     7
 Stab: Sleeping          |     6 |     1 ||     7
       Distracted        |     1 |     1 ||     2
  Eat: Ration            |     1 |     1 ||     2
       Chunk             |       |     1 ||     1
Armor: Robe              |     8 |     3 ||    11
Dodge: Dodged            |    32 |     8 ||    40
